 Dungeon Crawl Stone Soup version 0.25.1-8-g42b30a86e7 (webtiles) character file.

Game seed: 9955969073614814113

13201 HAL the Thaumaturge (level 12, -3/89 HPs)
             Began as a Formicid Venom Mage on Dec 5, 2020.
             Was a High Priest of Vehumet.
             Shot with an arrow by a centaur warrior (12 damage)
             ... on level 2 of the Orcish Mines on Dec 6, 2020.
             The game lasted 02:12:06 (13728 turns).

HAL the Thaumaturge (Formicid Venom Mage)          Turns: 13728, Time: 02:12:06

Health: -3/89      AC: 10    Str: 10    XL:     12   Next: 29%
Magic:  0/34       EV: 17    Int: 20    God:    Vehumet [*****.]
Gold:   485        SH:  4    Dex: 16    Spells: 5/30 levels left

rFire    . . .     SeeInvis +   X - +9 falchion of Luav {drain, Dex+4}
rCold    . . .     Gourm    .   p - +0 buckler
rNeg     . . .     Faith    .   r - +1 troll leather armour
rPois    .         Spirit   .   (helmet unavailable)
rElec    .         Reflect  .   (no cloak)
rCorr    .         Harm     .   u - +2 pair of gloves
MR       +....                  (no boots)
Stlth    ++++......             W - amulet of magic regeneration
HPRegen  0.64/turn              T - +4 ring of evasion
MPRegen  0.24/turn              f - ring of magical power

@: no status effects
A: permanent stasis, dig shafts and tunnels, four strong arms, antennae 3, slimy
green scales 1, mutation resistance 1, weak 1
a: Dig, Shaft Self, Renounce Religion


You were on level 2 of the Orcish Mines.
You worshipped Vehumet.
Vehumet was extremely pleased with you.
You were not hungry.

You visited 3 branches of the dungeon, and saw 13 of its levels.
You also visited: Bailey.

You collected 1292 gold pieces.
You spent 807 gold pieces at shops.

Inventory:

Hand Weapons
 e - a +1 short sword of speed
 h - a +0 shortbow
 o - a +5 dagger
 q - a +0 hunting sling
 s - a +3 scimitar of freezing
 x - a +1 falchion of holy wrath
 C - a +0 rapier of venom
 E - a +1 dagger of speed
 H - a +0 flail of venom
 X - the +9 falchion of Luav (weapon) {drain, Dex+4}
   (You bought it in a shop on level 2 of the Orcish Mines)

   A truly terrible weapon, it drains the life of those it strikes.
   It affects your dexterity (+4).
Missiles
 g - 173 arrows
 j - 111 sling bullets
 l - 104 bolts
 m - 75 boomerangs
 n - a throwing net (quivered)
 B - 5 datura-tipped darts
 N - 16 poisoned darts
Armour
 a - a +0 robe
 p - a +0 buckler (worn)
 r - a +1 troll leather armour (worn)
 u - a +2 pair of gloves (worn)
 D - a +1 leather armour of cold resistance
 F - a +2 robe of resistance
 V - a +1 hat
Magical Staves
 z - an uncursed staff of summoning
 K - an uncursed staff of earth
 U - an uncursed staff of energy
Jewellery
 f - a ring of magical power (right hand)
 k - an uncursed ring of positive energy
 v - an uncursed ring of flight
 G - an uncursed ring of poison resistance
 I - a +6 ring of dexterity
 T - a +4 ring of evasion (left hand)
 W - an amulet of magic regeneration (around neck)
Wands
 d - a wand of iceblast (37)
 A - a wand of flame (18)
 M - a wand of random effects (10)
 O - a wand of polymorph (8)
 R - a wand of paralysis (11)
Scrolls
 i - 5 scrolls of identify
 t - 2 scrolls of fog
 y - 2 scrolls of remove curse
 S - a scroll of amnesia
Potions
 b - 4 potions of flight
 w - a potion of lignification
 J - a potion of might
 L - 2 potions of stabbing
 Q - a potion of brilliance
Comestibles
 c - 15 rations
 P - 6 chunks of flesh


   Skills:
 * Level 6.7 Fighting
 - Level 5.5(6.0) Short Blades
 * Level 3.5(5.0) Long Blades
 + Level 0.8 Throwing
 * Level 3.1 Armour
 * Level 3.2 Dodging
 * Level 9.2 Stealth
 * Level 1.8 Shields
 * Level 9.9 Spellcasting
 + Level 0.5 Conjurations
 + Level 6.6 Transmutations
 * Level 2.9 Fire Magic
 * Level 3.2 Air Magic
 + Level 9.8 Poison Magic
 + Level 1.6 Evocations


You had 5 spell levels left.
You knew the following spells:

 Your Spells              Type           Power        Failure   Level  Hunger
a - Sting                 Tmut/Pois      ####         1%          1    None
b - Poisonous Vapours     Pois/Air       #####.       1%          2    None
c - Ignite Poison         Fire/Tmut/Pois #####...     1%          3    None
d - Olgreb's Toxic Radia  Pois           #####...     1%          4    ##.....
e - Mephitic Cloud        Conj/Pois/Air  ####....     1%          3    None
f - Airstrike             Air            ###.......   8%          4    ##.....
g - Conjure Flame         Conj/Fire      ###.....     4%          3    None
h - Fireball              Conj/Fire      ###.......   34%         5    #####..

Your spell library contained the following spells:

 Spells                   Type           Power        Failure   Level  Hunger


Dungeon Overview and Level Annotations

Branches:
Dungeon (10/15)            Temple (0/1) D:5            Lair (1/6) D:8
    Orc (2/2) D:10         Bailey (visited)
    Elf: Orc:2

Altars:
Hepliaklqana
Nemelex Xobeh
Okawaru
Ru
Sif Muna
Trog
Uskayaw
Vehumet
Wu Jian
Xom
The Shining One

Shops:
D:4 ?   D:5 (   Orc:2 =[(=

Annotations:
D:9 exclusion: ice statue


Innate Abilities, Weirdness & Mutations

You cannot be hasted, slowed, berserked, paralysed or teleported.
You can dig through walls and to a lower floor.
Your four strong arms can wield two-handed weapons with a shield.
You have a pair of large antennae on your head. (SInv)
You are partially covered in slimy green scales. (AC +2)
You are somewhat resistant to further mutation.
You are weak. (Str -2)


Message History

You ignite the poison in your surroundings!
The orc warrior seems to burn from within!!
You kill the orc warrior!
Vehumet accepts your kill.
You feel your power returning.
The centaur warrior seems to burn from within!
The centaur warrior is heavily wounded.
The centaur warrior is poisoned.
The centaur warrior shoots an arrow.
The arrow barely misses you.
Casting: Ignite Poison (safe; 1% risk of failure)
Confirm with . or Enter, or press ? or * to list all spells.
You ignite the poison in your surroundings!
The centaur warrior seems to burn from within!!
The centaur warrior is almost dead.
The centaur warrior is poisoned.
Your toxic aura wanes.
The centaur warrior shoots an arrow.
The arrow hits you!
* * * LOW HITPOINT WARNING * * *
The centaur warrior shoots an arrow.
The arrow hits you!
You die...

.##..##..##...# #..##..
##..........≈≈# .......
#..........≈≈≈ .......
.....^...≈≈≈≈ ### ≈......
#.....)≈≈≈≈# ##∩## ≈≈≈....
#.....≈≈≈≈####...####≈≈≈≈...
......)........∩......c.....
....)......(.(.∩..(().))....
#.)...≈≈≈≈####.(@####≈≈≈≈..o
#(.(...≈≈≈≈# ##∩## ≈≈≈....
)(.......≈≈≈≈#### ≈c.....
#..........≈≈≈# .......
##..........≈≈# .......
(##..##..##...# #..##..
.(()...... .... ... ..
.......... #....(....


You could see a centaur warrior (poisoned).

Vanquished Creatures
  A two-headed ogre (D:8)
  2 orc knights (Orc:2)
  Joseph (D:7)
  A rime drake (Lair:1)
  2 trolls
  Prince Ribbit (D:7)
  2 hippogriffs
  Eustachio (D:6)
  A wyvern (D:9)
  4 yaks (D:9)
  A vampire (D:10)
  2 hungry ghosts
  2 basilisks (Lair:1)
  2 porcupines (D:8)
  Duvessa (D:7)
  A water moccasin (Lair:1)
  29 orc warriors
  5 sky beasts
  2 black bears
  A necrophage (D:9)
  4 phantoms
  9 ogres
  8 centaurs
  A crocodile (D:7)
  A big kobold (D:7)
  4 bullfrogs
  4 scorpions
  Dowan (D:7)
  5 wights (D:8)
  3 killer bees (D:9)
  3 howler monkeys (D:9)
  4 crimson imps
  5 orc priests
  A bullfrog zombie (D:8)
  5 jellies
  8 hounds
  10 orc wizards
  2 centaur skeletons (D:10)
  3 iguanas
  Natasha (thrice) (D:2)
  5 worker ants
  A killer bee zombie (D:8)
  A hound skeleton (D:10)
  A howler monkey zombie (D:10)
  A howler monkey skeleton (D:6)
  10 gnolls
  12 adders
  2 shadow imps
  An ooze (D:2)
  An adder skeleton (D:5)
  A worm (D:3)
  4 dart slugs
  9 leopard geckos
  54 orcs
  3 bats
  6 giant cockroaches
  9 goblins
  11 hobgoblins
  12 jackals
  2 quokkas
  A ball python (D:3)
  4 frilled lizards
  2 jackal skeletons
  28 kobolds
  A quokka zombie (D:4)
  11 rats
339 creatures vanquished.

Vanquished Creatures (others)
  20 fungi (D:8)
  12 plants (D:8)
32 creatures vanquished.

Grand Total: 371 creatures vanquished

Notes
Turn   | Place    | Note
-------+----------+-------------------------------------------
     0 | D:1      | HAL the Formicid Venom Mage began the quest for the Orb.
     0 | D:1      | Reached XP level 1. HP: 13/13 MP: 3/3
   164 | D:1      | Reached XP level 2. HP: 18/19 MP: 0/5
   626 | D:1      | Reached XP level 3. HP: 24/24 MP: 4/6
  1221 | D:2      | Noticed Natasha
  1231 | D:2      | Killed Natasha
  1231 | D:2      | Reached XP level 4. HP: 15/30 MP: 8/8
  1482 | D:2      | Noticed Natasha
  1494 | D:2      | Killed Natasha
  1494 | D:2      | Reached skill level 1 in Short Blades
  1678 | D:2      | Reached XP level 5. HP: 35/35 MP: 9/9
  1786 | D:2      | Noticed Natasha
  1792 | D:2      | Killed Natasha
  1830 | D:2      | Found a sparkling altar of Nemelex Xobeh.
  2154 | D:2      | Reached skill level 5 in Poison Magic
  2154 | D:2      | Reached XP level 6. HP: 12/42 MP: 10/10
  2872 | D:3      | Found a hide-covered altar of Uskayaw.
  3043 | D:3      | Found a glowing golden altar of the Shining One.
  3545 | D:3      | Reached skill level 5 in Stealth
  3545 | D:3      | Reached XP level 7. HP: 47/47 MP: 12/12
  3589 | D:3      | Reached skill level 1 in Armour
  3721 | D:4      | Found a bloodstained altar of Trog.
  3760 | D:4      | Found Befeusm's Magic Scroll Boutique.
  3770 | D:4      | Bought a scroll of enchant weapon for 97 gold pieces
  3770 | D:4      | Bought a scroll of identify for 26 gold pieces
  3770 | D:4      | Bought a scroll of identify for 26 gold pieces
  3770 | D:4      | Bought a scroll of identify for 26 gold pieces
  4482 | D:4      | Found an iron altar of Okawaru.
  4611 | D:4      | Found a radiant altar of Vehumet.
  4614 | D:4      | Became a worshipper of Vehumet
  4890 | D:5      | Entered Level 5 of the Dungeon
  5021 | D:5      | Reached skill level 1 in Fighting
  5065 | D:5      | Found Omarat's Weapon Shop.
  5109 | D:5      | Found a sacrificial altar of Ru.
  5296 | D:5      | Found a staircase to the Ecumenical Temple.
  5486 | D:6      | Noticed Eustachio
  5636 | D:6      | Reached XP level 8. HP: 51/55 MP: 14/14
  5781 | D:6      | Reached * piety under Vehumet
  5781 | D:6      | Offered knowledge of Freeze by Vehumet.
  5850 | D:6      | Learned a level 2 spell: Poisonous Vapours
  5854 | D:6      | Learned a level 3 spell: Ignite Poison
  5947 | D:6      | Found a hazy altar of Hepliaklqana.
  5996 | D:6      | Reached skill level 1 in Shields
  6158 | D:6      | Killed Eustachio
  6604 | D:6      | Learned a level 4 spell: Olgreb's Toxic Radiance
  6855 | D:7      | Reached skill level 1 in Long Blades
  6855 | D:7      | Reached XP level 9. HP: 63/63 MP: 15/15
  7032 | D:7      | Noticed Prince Ribbit
  7071 | D:7      | Reached ** piety under Vehumet
  7074 | D:7      | Noticed Duvessa
  7074 | D:7      | Noticed Joseph
  7074 | D:7      | Noticed Dowan
  7079 | D:7      | Killed Dowan
  7079 | D:7      | Offered knowledge of Magic Dart by Vehumet.
  7081 | D:7      | Killed Duvessa
  7081 | D:7      | Reached skill level 5 in Spellcasting
  7081 | D:7      | Killed Joseph
  7158 | D:7      | Found a flagged portal.
  7179 | D:7      | Reached skill level 1 in Fire Magic
  7195 | Bailey   | Entered a bailey
  7474 | Bailey   | Reached skill level 5 in Transmutations
  7479 | Bailey   | Offered knowledge of Frozen Ramparts by Vehumet.
  7500 | Bailey   | Reached skill level 1 in Air Magic
  7598 | Bailey   | Learned a level 3 spell: Mephitic Cloud
  7846 | D:7      | Reached XP level 10. HP: 71/71 MP: 19/19
  7998 | D:7      | Reached *** piety under Vehumet
  8529 | D:7      | Killed Prince Ribbit
  8794 | D:8      | Noticed a two-headed ogre
  8795 | D:8      | Found an ornate altar of the Wu Jian Council.
  8803 | D:8      | Killed a two-headed ogre
  8969 | D:8      | Offered knowledge of Airstrike by Vehumet.
  8988 | D:8      | Found a shimmering blue altar of Sif Muna.
  8988 | D:8      | Found a sacrificial altar of Ru.
  9089 | D:8      | Learned a level 4 spell: Airstrike
  9223 | D:8      | Reached skill level 5 in Fighting
  9252 | D:8      | Reached skill level 1 in Evocations
  9258 | D:8      | Gained mutation: You are weak. (Str -2) [potion of
                  | mutation]
  9258 | D:8      | Gained mutation: You are somewhat resistant to further
                  | mutation. [potion of mutation]
  9258 | D:8      | Gained mutation: You are partially covered in slimy green
                  | scales. (AC +2) [potion of mutation]
  9546 | D:8      | Found a staircase to the Lair.
  9549 | D:8      | Reached XP level 11. HP: 80/80 MP: 22/22
 10476 | Lair:1   | Entered Level 1 of the Lair of Beasts
 10709 | Lair:1   | Reached **** piety under Vehumet
 10889 | Lair:1   | Noticed a five-headed hydra
 11140 | D:9      | Offered knowledge of Conjure Flame by Vehumet.
 11145 | D:9      | Learned a level 3 spell: Conjure Flame
 11377 | D:9      | Found a shimmering altar of Xom.
 12461 | D:10     | Entered Level 10 of the Dungeon
 12958 | D:10     | Identified a scroll of acquirement
 12958 | D:10     | Acquired an uncursed staff of energy
 12980 | D:10     | Found a staircase to the Orcish Mines.
 13016 | Orc:1    | Entered Level 1 of the Orcish Mines
 13153 | Orc:1    | Reached ***** piety under Vehumet
 13394 | Orc:2    | Entered Level 2 of the Orcish Mines
 13422 | Orc:2    | Reached skill level 5 in Short Blades
 13422 | Orc:2    | Reached XP level 12. HP: 52/89 MP: 25/25
 13473 | Orc:2    | Offered knowledge of Fireball by Vehumet.
 13648 | Orc:2    | Found Sojecit's Antique Weapon Emporium.
 13648 | Orc:2    | Found Pesa's Armour Boutique.
 13650 | Orc:2    | Found Luck's Jewellery Shop.
 13655 | Orc:2    | Found Saf Dipt's Jewellery Shoppe.
 13673 | Orc:2    | Learned a level 5 spell: Fireball
 13673 | Orc:2    | Bought an uncursed amulet of magic regeneration for 360
                  | gold pieces
 13681 | Orc:2    | Bought a glimmering falchion for 272 gold pieces
 13682 | Orc:2    | Identified the +9 falchion of Luav {drain, Dex+4} (You
                  | bought it in a shop on level 2 of the Orcish Mines)
 13719 | Orc:2    | Noticed a centaur warrior
 13728 | Orc:2    | Shot with an arrow by a centaur warrior

Illustrated notes

Levels and vault maps discovered:
D:1:      dpeg_arrival_simpleton_c, layout_basic
D:2:      layout_basic, nemelex_xobeh_ov_fountains_minmay, first_ration,
          uniq_natasha
D:3:      cheibrodos_pilgrimage, layout_loops_ring,
          nicolae_overflow_crystal_walls, nicolae_tso_carved_into_rock
D:4:      layout_layer_cave, marbit_many_paths, overflow_temple_1_default,
          kennysheep_mini, serial_shops, shop
D:5:      layout_rooms, minmay_temple_entry_from_below_a, serial_shops, shop,
          abandoned_shop, nicolae_ru_sacrificial_ziggurat
D:6:      layout_cave_pools, kennysheep_little_box, uniq_eustachio
D:7:      layout_cave_pods, enter_bailey_2, uniq_duvessa, uniq_joseph,
          uniq_prince_ribbit1
D:8:      layout_loops_corners, gammafunk_temple_overflow_wave,
          lemuel_crystal_altar, grunt_lair_entry_orc_guard_hut, grunt_ogre_cave
D:9:      layout_roguey, basic_altar, hex_large, hangedman_decor_slide_cut,
          st_stairs_7, minivault_16, minivault_22, kennysheep_generic_room_5
D:10:     layout_gridville, orc_0_dummy
Lair:1:   layout_cave_pods, grunt_megastairs_1, uniq_nergalle
Orc:1:    layout_caves, serial_shops, shop, uniq_harold
Orc:2:    st_orc_rangers, layout_caves, serial_shops, bzr_entry_road,
          lightli_church_of_beogh

Skill      XL: |  1  2  3  4  5  6  7  8  9 10 11 12 |
---------------+-------------------------------------+-----
Stealth        | 3 4 5 6 7 8 9 |  9.2
Dodging        | 2 3 |  3.2
Short Blades   | 1 2 3 5 |  5.5
Transmutations | 2 3 4 5 6 |  6.6
Spellcasting   | 3 4 6 7 9 |  9.9
Poison Magic   | 5 6 7 8 9 |  9.8
Armour         | 1 2 3 |  3.1
Fighting       | 1 3 4 5 6 |  6.7
Shields        | 1 |  1.8
Long Blades    | 1 2 3 |  3.5
Fire Magic     | 1 2 |  2.9
Air Magic      | 1 2 3 |  3.2
Evocations     | 1 |  1.6
Throwing       | |  0.8
Conjurations   | |  0.5

Action                   |  1- 3 |  4- 6 |  7- 9 | 10-12 || total
-------------------------+-------+-------+-------+-------++-------
Melee: Short sword       |    48 |    86 |    95 |   137 ||   366
       Unarmed           |     4 |       |       |       ||     4
       Rapier            |       |       |    52 |    12 ||    64
       Falchion          |       |       |    25 |   134 ||   159
 Fire: Hunting sling     |       |       |       |    30 ||    30
Throw: Boomerang         |       |       |       |     5 ||     5
       Throwing net      |       |       |       |     4 ||     4
 Cast: Sting             |    32 |    63 |   143 |    86 ||   324
       Poisonous Vapours |       |       |    27 |    85 ||   112
       Ignite Poison     |       |       |    18 |    74 ||    92
       Olgreb's Toxic Ra |       |       |     8 |    16 ||    24
       Mephitic Cloud    |       |       |       |    15 ||    15
       Airstrike         |       |       |       |     8 ||     8
       Conjure Flame     |       |       |       |     2 ||     2
 Abil: Dig               |     1 |       |       |       ||     1
       Evoke Flight      |       |       |     2 |       ||     2
       Stop Flying       |       |       |     1 |       ||     1
Evoke: Wand              |       |       |       |    23 ||    23
  Use: Scroll            |     1 |     5 |     8 |     5 ||    19
       Potion            |       |     1 |     5 |     9 ||    15
 Stab: Sleeping          |     4 |     5 |     4 |     4 ||    17
       Held in net/web   |       |       |       |     3 ||     3
       Paralysed         |       |       |       |     1 ||     1
  Eat: Chunk             |     1 |     7 |     6 |    13 ||    27
       Ration            |       |     1 |     5 |     3 ||     9
Armor: Robe              |    11 |     4 |       |       ||    15
       Troll leather arm |       |    13 |    81 |    77 ||   171
       Skin              |       |       |       |    20 ||    20
Dodge: Dodged            |    24 |    43 |   125 |   180 ||   372
Block: Buckler           |       |     6 |    38 |    61 ||   105
       Rpst.: Falchion   |       |       |     1 |    14 ||    15
